 Dungeon Crawl Stone Soup version 0.20.0-8-g6b59dc7 (webtiles) character file.

3733 GrandmaTarkin the Carver (level 10, -1/71 HPs)
             Began as a Formicid Monk on June 1, 2017.
             Was a Priest of Qazlal.
             Killed by divine providence
             ... invoked by an orc priest
              (11 damage)
             ... on level 7 of the Dungeon.
             The game lasted 00:20:22 (7827 turns).

GrandmaTarkin the Carver (Formicid Monk)            Turns: 7827, Time: 00:20:22

Health: -1/71      AC: 12    Str: 17    XL:     10   Next: 36%
Magic:  10/10      EV:  8    Int: 13    God:    Qazlal [***...]
Gold:   474        SH:  4    Dex: 18    Spells: 9/9 levels left

rFire    + + .     SeeInvis +   a - +0 falchion
rCold    + . .     Gourm    .   (no shield)
rNeg     . . .     Faith    +   z - +0 chain mail (curse)
rPois    +         Spirit   .   (helmet unavailable)
rElec    .         Reflect  .   F - scarf {rC+ rF+}
rCorr    .         Harm     .   E - +0 pair of gloves
MR       +....                  D - +2 pair of boots
Stlth    ..........             p - amulet of faith
Regen    0.3/turn               K - +2 ring of strength
MPRegen  0.2/turn               J - +2 ring of intelligence

@: no status effects
A: permanent stasis, dig shafts and tunnels, four strong arms, antennae 3,
talons 1, agile 1, fire resistance 1, poison resistance, evolution 1
a: Dig, Shaft Self, Upheaval, Elemental Force, Renounce Religion


You were on level 7 of the Dungeon.
You worshipped Qazlal.
Qazlal was most pleased with you.
You were not hungry.

You visited 2 branches of the dungeon, and saw 8 of its levels.

You collected 474 gold pieces.

Inventory:

Hand Weapons
 a - a +0 falchion (weapon)
 B - a +2 hand axe of venom
Armour
 b - a +0 robe
 e - a +0 ring mail
 m - a +0 cloak
 y - a +2 leather armour of fire resistance
 z - a cursed +0 chain mail (worn)
 D - a +2 pair of boots (worn)
 E - a +0 pair of gloves (worn)
 F - a scarf of resistance (worn)
Jewellery
 g - an uncursed amulet of harm
 p - an amulet of faith (around neck)
 t - an uncursed ring of poison resistance
 J - a +2 ring of intelligence (right hand)
 K - a +2 ring of strength (left hand)
 N - an uncursed ring of fire {unknown}
Wands
 G - a wand of confusion (14/48)
 M - a wand of paralysis (10/24)
Scrolls
 h - 7 scrolls of identify {unknown}
 i - 2 scrolls of amnesia {unknown}
 k - 4 scrolls of fear {unknown}
 q - 5 scrolls of enchant weapon {unknown}
 r - 5 scrolls of teleportation {unknown}
 u - a scroll of noise {unknown}
 v - a scroll of magic mapping {unknown}
 x - 2 scrolls of enchant armour {unknown}
 A - a scroll of fog {unknown}
 C - 4 scrolls of remove curse {unknown}
 H - a scroll of recharging {unknown}
Potions
 d - 4 potions of curing
 j - 2 potions of mutation
 o - a potion of flight {unknown}
 s - a potion of might {unknown}
 w - a potion of magic {unknown}
 I - a potion of resistance {unknown}
 L - 2 potions of brilliance {unknown}
Comestibles
 c - a bread ration
 f - 2 fruits
 l - 6 royal jellies
 n - 4 chunks of flesh


   Skills:
 - Level 3.8 Fighting
 + Level 13.8 Long Blades
 - Level 0.4 Armour
 - Level 3.0 Dodging
 - Level 2.4 Stealth


You had 9 spell levels left.
You didn't know any spells.

Dungeon Overview and Level Annotations

Branches:
Dungeon (7/15)             Temple (1/1) D:5

Altars:
Ashenzari
Cheibriados
Dithmenos
Elyvilon
Fedhas
Gozag
Hepliaklqana
Kikubaaqudgha
Makhleb
Nemelex Xobeh
Okawaru
Qazlal
Ru
Sif Muna
Trog
Uskayaw
Vehumet
Xom
Yredelemnul
Zin
The Shining One


Innate Abilities, Weirdness & Mutations

You cannot be hasted, slowed, berserked, paralysed or teleported.
You can dig through walls and to a lower floor.
Your four strong arms can wield two-handed weapons with a shield.
You have a pair of large antennae on your head. (SInv)
You have sharp toenails.
You are agile. (Dex +2)
Your flesh is heat resistant. (rF+)
Your system is resistant to poisons. (rPois)
You evolve.


Message History

You hit the orc priest.
The orc priest is almost dead.
Your chain mail prevents you from hitting the orc priest.
The orc priest is almost dead.
The orc priest invokes the aid of Beogh against you.
Beogh smites you!
* * * LOW HITPOINT WARNING * * *
You hit the orc priest but do no damage.
The orc priest is almost dead.
You hit the orc priest but do no damage.
The orc priest is almost dead.
The orc priest hits you with a flail.
* * * LOW HITPOINT WARNING * * *
Your chain mail prevents you from hitting the orc priest.
The orc priest is almost dead.
You hit the orc priest but do no damage.
The orc priest is almost dead.
The orc priest invokes the aid of Beogh against you.
Beogh smites you!
You die...

.......######).##.###..#.#
##p#...### #..........#.#
..#........#
##..##.####.#.#
...........###...##.#
#.#.# #...)....##(#..##.#
#.#.#
##.#....)#.###.##.####.#.#
#.#......## ##.>........#
#........o###.###########
####.....#.#@##
##...#)#o## ######.## ###


You could see an orc priest.

Vanquished Creatures
  A two-headed ogre (D:7)
  Pikel (D:7)
  A hungry ghost (D:7)
  A water moccasin (D:6)
  Duvessa (D:7)
  An orc warrior (D:7)
  An ice beast (D:6)
  6 ogres
  A centaur (D:6)
  A crocodile (D:6)
  The ghost of GrandmaTarkin the Digger, an amateur DEEE (D:3)
  3 bullfrogs
  A water moccasin skeleton (D:6)
  Dowan (D:7)
  4 scorpions
  5 killer bees (D:7)
  2 crimson imps
  A bullfrog zombie (D:5)
  2 orc priests
  A bullfrog skeleton (D:7)
  5 orc wizards
  A centaur skeleton (D:4)
  2 iguanas
  4 worker ants
  Ijyb (D:3)
  A hound zombie (D:7)
  3 gnolls
  8 adders
  A shadow imp (D:6)
  An ooze (D:6)
  4 worms
  An adder skeleton (D:4)
  An adder zombie (D:5)
  4 leopard geckos
  21 orcs
  12 bats
  2 giant cockroaches
  6 goblins
  7 hobgoblins
  6 jackals
  A quokka (D:3)
  2 frilled lizards
  A giant cockroach zombie (D:6)
  6 kobolds
  5 rats
142 creatures vanquished.

Vanquished Creatures (others)
  4 slaves (D:7)
  An orc (D:7)
5 creatures vanquished.

Grand Total: 147 creatures vanquished

Notes
Turn   | Place    | Note
-------+----------+-------------------------------------------
     0 | D:1      | GrandmaTarkin the Formicid Monk began the quest for the Orb.
     0 | D:1      | Reached XP level 1. HP: 18/18 MP: 1/1
   115 | D:1      | Reached XP level 2. HP: 22/24 MP: 2/2
   417 | D:1      | Reached XP level 3. HP: 27/30 MP: 3/3
   837 | D:2      | Reached XP level 4. HP: 18/37 MP: 4/4
   953 | D:2      | Reached skill level 4 in Long Blades
  1381 | D:2      | Found a blossoming altar of Fedhas.
  1721 | D:3      | Noticed GrandmaTarkin's ghost (amateur DEEE)
  1755 | D:3      | Gained mutation: Armour fits poorly on your strangely shaped body. [potion of mutation]
  1755 | D:3      | Gained mutation: Your flesh is heat resistant. (rF+) [potion of mutation]
  1755 | D:3      | Lost mutation: Armour fits poorly on your strangely shaped body. [potion of mutation]
  1755 | D:3      | Gained mutation: You evolve. [potion of mutation]
  1763 | D:3      | Killed GrandmaTarkin's ghost
  1763 | D:3      | Reached skill level 5 in Long Blades
  1763 | D:3      | Reached XP level 5. HP: 3/42 MP: 5/5
  2347 | D:3      | Reached XP level 6. HP: 13/48 MP: 6/6
  2821 | D:3      | Noticed Ijyb
  2893 | D:3      | Killed Ijyb
  2893 | D:3      | Reached skill level 6 in Long Blades
  3542 | D:4      | Reached skill level 7 in Long Blades
  3542 | D:4      | Reached XP level 7. HP: 34/53 MP: 7/7
  3744 | D:4      | Gained mutation: You are agile. (Dex +2) [evolution]
  3940 | D:5      | Entered Level 5 of the Dungeon
  3963 | D:5      | Found a sparkling altar of Nemelex Xobeh.
  4048 | D:5      | Found a staircase to the Ecumenical Temple.
  4054 | Temple   | Entered the Ecumenical Temple
  4416 | Temple   | Became a worshipper of Qazlal Stormbringer
  4416 | Temple   | Reached * piety under Qazlal
  4416 | Temple   | Reached ** piety under Qazlal
  4986 | D:5      | Reached skill level 8 in Long Blades
  5371 | D:6      | Reached XP level 8. HP: 57/60 MP: 8/8
  5439 | D:6      | Reached skill level 9 in Long Blades
  5796 | D:5      | Gained mutation: Your system is resistant to poisons. (rPois) [evolution]
  5951 | D:6      | Reached skill level 10 in Long Blades
  6123 | D:6      | Reached *** piety under Qazlal
  6123 | D:6      | Reached XP level 9. HP: 37/65 MP: 9/9
  6553 | D:6      | Reached skill level 11 in Long Blades
  7061 | D:7      | Gained mutation: You have sharp toenails. [evolution]
  7276 | D:7      | Noticed a two-headed ogre
  7299 | D:7      | Killed a two-headed ogre
  7299 | D:7      | Reached skill level 12 in Long Blades
  7321 | D:7      | Noticed Pikel
  7323 | D:7      | Reached XP level 10. HP: 42/71 MP: 10/10
  7369 | D:7      | Killed Pikel
  7369 | D:7      | Reached skill level 13 in Long Blades
  7705 | D:7      | Noticed Dowan
  7722 | D:7      | Killed Dowan
  7724 | D:7      | Noticed Duvessa
  7742 | D:7      | Killed Duvessa
  7827 | D:7      | Killed from afar by an orc priest

Skill      XL: |  1  2  3  4  5  6  7  8  9 10 |
---------------+-------------------------------+-----
Dodging        | 3 |  3.0
Long Blades    | 5 7 8 10 12 13 | 13.8
Fighting       | |  3.8
Armour         | |  0.4
Stealth        | |  2.4

Action                   |  1- 3 |  4- 6 |  7- 9 | 10-12 || total
-------------------------+-------+-------+-------+-------++-------
Melee: Falchion          |   126 |   310 |   431 |   148 ||  1015
Invok: Upheaval          |       |       |       |     1 ||     1
 Abil: Dig               |       |     3 |     4 |     1 ||     8
Evoke: Wand              |       |       |     1 |       ||     1
  Use: Potion            |       |     4 |     1 |     1 ||     6
 Stab: Sleeping          |     1 |       |       |       ||     1
       Paralysed         |       |       |     8 |       ||     8
  Eat: Chunk             |       |     9 |    10 |       ||    19
       Fruit             |       |     1 |       |       ||     1
       Bread ration      |       |       |     3 |       ||     3
Armor: Ring mail         |    68 |     6 |       |       ||    74
       Chain mail        |       |   156 |   193 |    50 ||   399
       Leather armour    |       |     3 |       |       ||     3
Dodge: Dodged            |    98 |    83 |   120 |    38 ||   339
Block: Other             |       |       |    35 |    15 ||    50
       Rpst.: Falchion   |    38 |    28 |    39 |     8 ||   113
